 Dungeon Crawl Stone Soup version 0.24.0-13-gcf9b319 (webtiles) character file.

Game seed: 13165908251231648002, levelgen mode: deterministic

12788 Fang the Fighter (level 11, -2/73 HPs)
             Began as a Gargoyle Berserker on Nov 22, 2019.
             Was a High Priest of Trog.
             Splashed by a brown ugly thing's acid (9 damage)
             ... while paralysed
             ... on level 11 of the Dungeon.
             The game lasted 00:13:29 (9290 turns).

Fang the Fighter (Gargoyle Berserker)               Turns: 9290, Time: 00:13:30

Health: -2/73      AC: 23    Str: 24    XL:     11   Next: 98%
Magic:  11/11      EV:  2    Int:  8    God:    Trog [*****.]
Gold:   575        SH:  0    Dex:  9    Spells: 10/10 levels left

rFire    + . .     SeeInvis .   a - +3 war axe
rCold    + . .     Gourm    .   r - +2 shield
rNeg     + . .     Faith    .   b - +1 plate armour
rPois    ∞         Spirit   .   (no helmet)
rElec    +         Reflect  .   (no cloak)
rCorr    .         Harm     .   (no gloves)
MR       .....                  z - +2 pair of boots
Stlth    ..........             f - amulet of magic regeneration
HPRegen  0.22/turn              n - ring of protection from cold
MPRegen  0.37/turn              F - ring of protection from fire

@: paralysed, corroded, fainting
A: negative energy resistance 1, electricity resistance, unbreathing,
petrification resistance, rot immunity, AC +8
a: Berserk, Trog's Hand, Brothers in Arms, Renounce Religion


You were on level 11 of the Dungeon.
You worshipped Trog.
Trog was extremely pleased with you.
You were fainting.

You visited 2 branches of the dungeon, and saw 12 of its levels.

You collected 575 gold pieces.

Inventory:

Hand Weapons
 a - a +3 war axe (weapon)
Armour
 b - a +1 plate armour (worn)
 r - a +2 shield (worn)
 z - a +2 pair of boots (worn)
Jewellery
 f - an amulet of magic regeneration (around neck)
 n - a ring of protection from cold (left hand)
 F - a ring of protection from fire (right hand)
Wands
 d - a wand of iceblast (14)
 v - a wand of paralysis (7)
 B - a wand of polymorph (7)
Scrolls
 j - 9 scrolls of identify
 k - 5 scrolls of teleportation
 o - 6 scrolls of remove curse
 p - a scroll of fog
Potions
 e - 3 potions of ambrosia
 g - 3 potions of mutation
 i - 3 potions of berserk rage
 l - 4 potions of might
 t - a potion of haste
 x - 2 potions of flight
 C - 5 potions of curing
 G - 2 potions of agility
 I - a potion of cancellation
Comestibles
 c - 23 rations
 h - 17 chunks of flesh


   Skills:
 + Level 10.9 Fighting
 + Level 9.2 Axes
 + Level 10.5 Armour
 + Level 8.1 Dodging


You had 10 spell levels left.
You didn't know any spells.
Your spell library was empty.

Dungeon Overview and Level Annotations

Branches:
Dungeon (11/15)            Temple (1/1) D:6            Lair (0/6) D:9
    Orc (0/2) D:10

Altars:
Ashenzari
Cheibriados
Dithmenos
Elyvilon
Kikubaaqudgha
Makhleb
Okawaru
Qazlal
Ru
Sif Muna
Trog
Vehumet
Xom
Zin
The Shining One

Shops:
D:8 =


Innate Abilities, Weirdness & Mutations

You are resistant to torment.
Your stone body is resilient. (AC +8)
You are immune to poison.
You resist negative energy. (rN+)
You are resistant to electric shocks. (rElec)
You can survive without breathing.
You are immune to petrification.
You are immune to rotting.


Message History

The two-headed ogre hits you but does no damage.
The hungry ghost hits you.
You feel slightly more hungry.
The hippogriff bites you but does no damage.
The hippogriff pecks you.
The hippogriff claws you but does no damage.
The two-headed ogre hits you with a +0 giant spiked club!
* * * LOW HITPOINT WARNING * * *
The two-headed ogre hits you but does no damage.
The hungry ghost hits you.
You feel slightly more hungry.
The hippogriff bites you but does no damage.
The hippogriff pecks you.
* * * LOW HITPOINT WARNING * * *
The hippogriff claws you but does no damage.
The hungry ghost hits you.
You feel slightly more hungry.
The two-headed ogre hits you with a +0 giant spiked club.
* * * LOW HITPOINT WARNING * * *
The two-headed ogre barely misses you. The brown ugly thing stings you.
* * * LOW HITPOINT WARNING * * *
The acid corrodes you!
You are splashed with acid!
You die...

##.............(.
##................
##.................
##..................
##...?...............
##....................
##.....................
##....†..........[......
#.....H@...............#
......WOu...............
)...........#...........
...........###..........
............#.....###...
.................## ##..
.................# #..
.................# ##..
..........###...


You could see a brown ugly thing, a two-headed ogre, a hippogriff and a hungry
ghost.

Vanquished Creatures
  Harold (D:7)
  A two-headed ogre (D:8)
  Urug (D:11)
  An ugly thing (D:10)
  A cyclops (D:11)
  A manticore (D:11)
  The ghost of wampuh the Ruffian, an amateur NaTm of Cheibriados (D:5)
  2 hippogriffs
  2 wyverns (D:9)
  A vampire (D:10)
  Menkaure (D:5)
  10 yaks
  2 steam dragons
  2 hungry ghosts
  An acid dragon (D:10)
  A water moccasin (D:10)
  3 orc warriors
  A black bear (D:7)
  4 ice beasts
  3 sky beasts
  2 phantoms (D:6)
  4 ogres
  11 centaurs
  2 crocodiles (D:9)
  3 big kobolds
  Blork the orc (D:3)
  6 bullfrogs
  5 scorpions
  14 killer bees
  6 howler monkeys
  11 wights
  3 crimson imps
  2 quasits (D:7)
  A centaur zombie (D:5)
  7 jellies
  7 hounds
  9 orc priests
  A bullfrog skeleton (D:4)
  An iron imp (D:6)
  10 orc wizards
  2 centaur skeletons
  4 iguanas
  8 worker ants
  2 worker ant zombies
  A gnoll (D:5)
  10 adders
  A howler monkey skeleton (D:9)
  2 shadow imps
  5 oozes (D:9)
  3 adder skeletons
  9 worms
  4 leopard geckos
  49 orcs
  7 giant cockroaches
  15 goblins
  6 hobgoblins
  15 jackals
  5 quokkas
  A ball python (D:4)
  6 bats
  6 frilled lizards
  23 kobolds
  A leopard gecko skeleton (D:5)
  10 rats
341 creatures vanquished.

Notes
Turn   | Place    | Note
-------+----------+-------------------------------------------
     0 | D:1      | Fang the Gargoyle Berserker began the quest for the Orb.
     0 | D:1      | Reached XP level 1. HP: 14/14 MP: 1/1
    38 | D:1      | Reached XP level 2. HP: 18/19 MP: 2/2
   437 | D:1      | Reached XP level 3. HP: 16/23 MP: 3/3
   818 | D:2      | Found a faded altar of an unknown god.
   821 | D:2      | Found a sacrificial altar of Ru.
   862 | D:2      | Reached ** piety under Trog
   957 | D:2      | Found a glowing golden altar of the Shining One.
  1230 | D:2      | Reached XP level 4. HP: 18/29 MP: 4/4
  1236 | D:2      | Found an iron altar of Okawaru.
  1454 | D:2      | Found a shimmering altar of Xom.
  1571 | D:3      | Found an ancient bone altar of Kikubaaqudgha.
  1782 | D:3      | Reached *** piety under Trog
  1878 | D:3      | Reached XP level 5. HP: 28/33 MP: 5/5
  2265 | D:4      | Noticed Blork the orc
  2274 | D:4      | Noticed an ogre
  2281 | D:3      | Reached XP level 6. HP: 7/39 MP: 6/6
  2285 | D:3      | Killed Blork the orc
  2664 | D:4      | Reached skill level 5 in Fighting
  2699 | D:4      | Found a shadowy altar of Dithmenos.
  2782 | D:4      | Reached XP level 7. HP: 29/44 MP: 7/7
  2896 | D:4      | Reached **** piety under Trog
  3072 | D:4      | Found a shimmering blue altar of Sif Muna.
  3089 | D:5      | Entered Level 5 of the Dungeon
  3256 | D:5      | Reached skill level 5 in Armour
  3277 | D:5      | Reached XP level 8. HP: 51/51 MP: 8/8
  3431 | D:5      | Reached skill level 5 in Axes
  3461 | D:5      | Found a runed translucent door.
  3510 | D:5      | Noticed Menkaure
  3520 | D:5      | Killed Menkaure
  4046 | D:5      | Noticed wampuh's ghost (amateur NaTm)
  4109 | D:5      | Killed wampuh's ghost
  4347 | D:6      | Found a shattered altar of Ashenzari.
  4350 | D:6      | Found a radiant altar of Vehumet.
  4352 | D:6      | Found a stormy altar of Qazlal.
  4457 | D:6      | Reached XP level 9. HP: 52/57 MP: 9/9
  4478 | D:6      | Found a burning altar of Makhleb.
  4482 | D:6      | Found a glowing silver altar of Zin.
  4483 | D:6      | Noticed a green death
  4483 | D:6      | Noticed an angel
  4502 | D:6      | Reached skill level 5 in Dodging
  4887 | D:6      | Found a stormy altar of Qazlal.
  4990 | D:6      | Found a staircase to the Ecumenical Temple.
  5008 | Temple   | Entered the Ecumenical Temple
  5221 | D:6      | Found a snail-covered altar of Cheibriados.
  5393 | D:7      | Noticed Harold
  5527 | D:7      | Reached ***** piety under Trog
  5730 | D:7      | Received a gift from Trog
  5809 | D:7      | Killed Harold
  5809 | D:7      | Reached XP level 10. HP: 65/65 MP: 10/10
  6876 | D:8      | Found a bloodstained altar of Trog.
  6937 | D:8      | Noticed a two-headed ogre
  6946 | D:8      | Killed a two-headed ogre
  7002 | D:8      | Found a shattered altar of Ashenzari.
  7043 | D:8      | Found Xupixuss's Jewellery Shop.
  7351 | D:9      | Reached XP level 11. HP: 68/71 MP: 11/11
  7356 | D:9      | Received a gift from Trog
  7479 | D:9      | Found a shadowy altar of Dithmenos.
  7592 | D:9      | Found a white marble altar of Elyvilon.
  7613 | D:9      | Received a gift from Trog
  7823 | D:9      | Reached skill level 10 in Fighting
  7929 | D:9      | Found a staircase to the Lair.
  8004 | D:10     | Entered Level 10 of the Dungeon
  8128 | D:10     | Found a staircase to the Orcish Mines.
  8351 | D:10     | Reached skill level 10 in Armour
  8495 | D:10     | Noticed a cyan ugly thing
  8502 | D:10     | Killed a cyan ugly thing
  8748 | D:11     | Noticed a cyclops
  8748 | D:11     | Noticed a manticore
  9065 | D:11     | Killed a cyclops
  9071 | D:11     | Killed a manticore
  9104 | D:11     | Noticed Urug
  9138 | D:11     | Killed Urug
  9277 | D:11     | Noticed a two-headed ogre
  9281 | D:11     | Received a gift from Trog
  9282 | D:11     | Noticed a brown ugly thing
  9284 | D:11     | Paralysed by fainting for 7 turns
  9290 | D:11     | Splashed by a brown ugly thing's acid

Levels and vault maps discovered:
D:1:      dpeg_arrival_tiny_f, layout_loops_ring, minivault_26,
          chequers_serial_rivers_micro_c
D:2:      layout_loops_ring, lemuel_round_altar, okawaru_gym_becter,
          nicolae_ru_sacrificial_ziggurat, tso_metal_star,
          chequers_ecumenical_altar_island
D:3:      layout_loops_ring, nicolae_overflow_crystal_walls, first_ration
D:4:      minmay_spotlight, layout_rooms, kennysheep_mini, led_sif_pool,
          uniq_blork_the_orc
D:5:      layout_loops_ring, ebering_ghost_sewer_d, cheibrodos_gnoll_hut,
          uniq_menkaure
D:6:      layout_gridville, grunt_temple_overflow_order_and_chaos_2,
          grunt_temple_overflow_open, slow_altar_2, minmay_temple_entry_glass,
          nicolae_qazlal_style_of_elements
D:7:      layout_cave_pods, uniq_harold
D:8:      layout_rooms, overflow_temple_1_default, serial_shops, shop,
          ashenzari_altar_1
D:9:      layout_cave_pools, elyvilon_altar_5, erik_lair_dragon,
          hangedman_little_slice_of_home, nicolae_dithmenos_shadow_blocks
D:10:     nicolae_whirlpool, layout_rooms, david_orc_2, minmay_diced_spiral
D:11:     layout_big_octagon, enter_bailey_3, uniq_urug
Temple:   corrupted_temple

Skill      XL: |  1  2  3  4  5  6  7  8  9 10 11 |
---------------+----------------------------------+-----
Axes           | 3 4 5 7 8 9 |  9.2
Dodging        | 2 3 4 6 7 8 |  8.1
Armour         | 3 4 5 6 8 9 10 | 10.5
Fighting       | 4 5 7 8 9 10 | 10.9

Action                   |  1- 3 |  4- 6 |  7- 9 | 10-12 || total
-------------------------+-------+-------+-------+-------++-------
Melee: Hand axe          |   160 |   206 |   395 |       ||   761
       War axe           |       |       |    51 |   504 ||   555
Invok: Berserk           |       |     2 |     8 |     6 ||    16
       Trog's Hand       |       |       |     2 |     1 ||     3
  Use: Scroll            |       |       |       |    27 ||    27
       Potion            |       |       |       |     1 ||     1
 Stab: Distracted        |     1 |       |       |       ||     1
  Eat: Chunk             |     1 |     6 |    13 |    21 ||    41
       Ration            |       |       |     2 |       ||     2
Armor: Animal skin       |    14 |       |       |       ||    14
       Plate armour      |    67 |   196 |   402 |   622 ||  1287
Dodge: Dodged            |    64 |    99 |   212 |   261 ||   636
Block: Shield            |       |       |       |   192 ||   192
